Saguenéens vs Machettes
(R1)
Created - 1 décembre 2012 at 23:50
Goals
|
| Saguenéens |
1 |
4 |
2 |
7 |
| Machettes |
0 |
2 |
1 |
3 |
|
Shots
|
| Saguenéens |
9 |
6 |
8 |
23 |
| Machettes |
12 |
14 |
13 |
39 |
|
1st period
1. Saguenéens , Michal Grosek 3 (Brendan Witt) at 19:40
Penalties :
Andrew MacDonald (Chi) for Charging (Minor) at 8:13, Ian Cole (Chi) for Interference (Minor) at 15:14, Pavel Vorobiev (CLM) for Roughing (Minor) at 18:41, Derek Joslin (Chi) for Hooking (Minor) at 18:41
2nd period
2. Saguenéens , Dean McAmmond 4 (Nikolai Kulemin, Matt Niskanen) at 2:06
3. Saguenéens , Jim Slater 1 (Lauri Tukonen, Denis Bodrov) at 6:33
4. Machettes , James Wisniewski 2 (Mike Lundin, John Mitchell) at 9:21 (PP)
5. Saguenéens , Wade Belak 3 (Dean McAmmond) at 9:32 (PP)
6. Machettes , John Mitchell 2 (Brad Winchester) at 11:14
7. Saguenéens , Dean McAmmond 5 (Nikolai Kulemin, Andrew MacDonald) at 13:54
Penalties :
Brendan Witt (Chi) for Hooking (Minor) at 6:34, Patrick McNeill (Chi) for Roughing (Minor) at 8:45, John Mitchell (CLM) for Slashing (Minor) at 9:30, Darren Helm (Chi) for High sticking (Minor) at 11:48, Peter Olvecky (CLM) for Tripping (Minor) at 16:15, Matt Niskanen (Chi) for Roughing (Minor) at 16:15, Peter Olvecky (CLM) for Tripping (Minor) at 19:08
3rd period
8. Saguenéens , Matt Niskanen 2 (Dean McAmmond, Wade Belak) at 0:46 (PP)
9. Machettes , Peter Olvecky 5 (Stefan Ruzicka, Mike Lundin) at 8:27 (PP)
10. Saguenéens , Michal Grosek 4 (Wade Belak) at 9:50 (SH)
Penalties :
Steven Goertzen (CLM) for Fighting (Major) at 1:31, Wayne Simmonds (Chi) for Fighting (Major) at 1:31, Wayne Simmonds (Chi) for instigated a fight (Minor) at 1:31, Wayne Simmonds (Chi) for instigated a fight (10 Minutes Misconduct) at 1:31, Brad Chartrand (Chi) for Interference (Minor) at 7:46, Brendan Witt (Chi) for Interference (Minor) at 9:27, Wayne Simmonds (Chi) for Hooking (Minor) at 13:48
Goalie Stats
Thomas Greiss (Chi), 36 saves from 39 shots - (0,923), W, 5-1-0, 60:00 minutes
Marek Schwarz (CLM), 9 saves from 13 shots - (0,692), L, 1-3-0, 29:32 minutes
Mathieu Garon (CLM), 7 saves from 10 shots - (0,700), 30:28 minutes
Players Stats for Saguenéens
Player Name G A P +/- PIM S H SB GA TA FO MP PP MP PK MP
------------------------------------------------------------------------------------
Andrew Kozek 0 0 0 0 0 0 1 1 0 0 0/1 10:25 0:00 1:41
Andrew MacDonald 0 1 1 1 2 1 1 0 0 1 0/0 16:19 0:06 4:27
Brad Chartrand 0 0 0 -1 2 1 2 0 1 0 0/0 11:55 0:33 0:00
Brendan Witt 0 1 1 1 4 0 2 3 0 1 0/0 26:03 1:34 6:50
Darren Helm 0 0 0 0 2 1 1 0 0 0 4/11 11:46 0:33 0:00
David McIntyre 0 0 0 0 0 0 0 0 0 0 0/0 0:00 0:00 0:00
Dean McAmmond 2 2 4 2 0 4 1 1 0 0 8/23 19:13 1:07 4:43
Denis Bodrov 0 1 1 1 0 0 0 0 0 1 0/0 5:33 0:00 0:00
Derek Joslin 0 0 0 2 2 0 0 0 0 0 0/0 12:49 0:00 3:05
Dwight King 0 0 0 0 0 0 0 0 0 0 0/0 0:00 0:00 0:00
Henrik Tallinder 0 0 0 2 0 0 2 1 0 1 0/0 28:37 1:34 9:30
Ian Cole 0 0 0 1 2 1 0 0 0 0 0/0 6:27 0:00 0:48
Jim Slater 1 0 1 1 0 2 1 0 1 0 2/3 9:11 0:00 1:41
Johannes Salmonsson 0 0 0 1 0 0 1 0 1 0 0/0 5:58 0:00 0:00
Kyle Brodziak 0 0 0 0 0 0 0 0 1 0 0/3 8:40 0:00 0:00
Lauri Tukonen 0 1 1 1 0 1 0 0 0 0 0/0 5:58 0:00 0:00
Matt Niskanen 1 1 2 1 2 1 0 1 1 0 0/0 17:08 0:06 5:40
Michal Grosek 2 0 2 2 0 3 2 0 5 2 0/0 24:32 1:07 8:46
Nikolai Kulemin 0 2 2 1 0 6 0 1 0 0 0/1 18:43 0:33 4:43
Patrick McNeill 0 0 0 0 2 0 0 0 0 0 0/0 9:16 0:00 0:00
Scott Jackson 0 0 0 0 0 0 0 0 0 0 0/0 0:00 0:00 0:00
Wade Belak 1 2 3 2 0 2 2 1 0 0 15/27 24:32 1:07 8:46
Wayne Simmonds 0 0 0 0 19 0 1 0 0 0 0/0 7:36 0:00 0:00
Zack Stortini 0 0 0 0 0 0 0 0 0 0 0/0 0:00 0:00 0:00
Players Stats for Machettes
Player Name G A P +/- PIM S H SB GA TA FO MP PP MP PK MP
------------------------------------------------------------------------------------
Alexandre Picard 0 0 0 0 0 1 0 0 0 1 0/0 16:58 0:00 0:20
Brad Winchester 0 1 1 -2 0 4 2 0 0 1 9/13 25:00 8:42 1:39
Cory Emmerton 0 0 0 0 0 1 0 0 0 0 8/14 16:02 6:23 0:00
Dustin Jeffrey 0 0 0 0 0 0 1 0 0 0 0/0 6:39 0:00 0:00
James Wisniewski 1 0 1 -2 0 2 6 1 0 1 0/0 24:36 5:39 0:20
John Mitchell 1 1 2 -1 2 2 2 1 0 1 15/28 20:09 8:42 0:00
Justin Falk 0 0 0 0 0 0 0 0 0 0 0/0 0:39 0:00 0:00
Mathieu Darche 0 0 0 -2 0 1 0 0 0 0 1/1 12:03 0:05 0:00
Matt Keith 0 0 0 -1 0 3 2 0 0 0 1/1 9:42 0:05 0:00
Mike Lundin 0 2 2 -1 0 1 1 1 1 0 0/0 27:22 5:39 1:20
Paul Ranger 0 0 0 -3 0 6 3 0 0 0 0/0 21:57 9:31 0:00
Pavel Vorobiev 0 0 0 -2 2 6 2 0 1 1 0/2 24:18 8:42 1:39
Peter Olvecky 1 0 1 0 4 2 2 1 0 0 0/0 16:00 6:23 0:00
Rick Schofield 0 0 0 0 0 1 0 0 0 0 1/1 6:39 0:00 0:00
Stefan Ruzicka 0 1 1 0 0 2 3 0 2 0 2/3 16:44 6:23 0:01
Stephane Da Costa 0 0 0 -2 0 0 1 1 0 0 3/6 11:20 0:00 0:00
Steven Goertzen 0 0 0 -1 5 0 0 0 0 1 0/0 9:41 0:05 0:01
Tom Gilbert 0 0 0 -2 0 7 1 1 2 4 0/0 28:28 9:31 1:20
3 Stars
1 - Dean McAmmond (Chi)
2 - Wade Belak (Chi)
3 - Michal Grosek (Chi)
Power Play
Saguenéens - 2 on 2 Attempt(s) - 100,00%
Machettes - 2 on 9 Attempt(s) - 22,22%
Penalty Kill
Saguenéens - 7 on 9 Attempt(s) - 77,78%
- Score 1 goal in Penalty Kill
Machettes - 0 on 2 Attempt(s) - 0,00%
- Score 0 goal in Penalty Kill
Official
Referees : O'Rourke Dan and Jackson Dave
Linesman : Michel Cormier and Scott Cherrey
Game Notes
Mathieu Garon enters game at 9:32 of 2nd period
Wayne Simmonds beats up Steven Goertzen at 1:31 of 3rd period
Saguenéens
5 vs 5 Forward
Center Left Wing Right Wing Time % Phy DF OF
1 Dean McAmmond Michal Grosek Wade Belak 40 1 2 2
2 Darren Helm Nikolai Kulemin Brad Chartrand 30 1 2 2
3 Kyle Brodziak Andrew Kozek Wayne Simmonds 20 1 2 2
4 Jim Slater Johannes Salmonsson Lauri Tukonen 10 1 2 2
5 vs 5 Defense
Defense Defense Time % Phy DF OF
1 Brendan Witt Henrik Tallinder 40 1 2 2
2 Matt Niskanen Andrew MacDonald 30 1 2 2
3 Patrick McNeill Derek Joslin 20 1 2 2
4 Ian Cole Denis Bodrov 10 1 2 2
PowerPlay Forward
Center Left Wing Right Wing Time % Phy DF OF
1 Dean McAmmond Michal Grosek Wade Belak 60 1 2 2
2 Darren Helm Nikolai Kulemin Brad Chartrand 40 1 2 2
PowerPlay Defense
Defense Defense Time % Phy DF OF
1 Brendan Witt Henrik Tallinder 60 1 2 2
2 Matt Niskanen Andrew MacDonald 40 1 2 2
Penalty Kill 4 Players Forward
Center Wing Time % Phy DF OF
1 Wade Belak Michal Grosek 60 1 2 2
2 Dean McAmmond Nikolai Kulemin 40 1 2 2
Penalty Kill 4 Players Defense
Defense Defense Time % Phy DF OF
1 Brendan Witt Henrik Tallinder 60 1 2 2
2 Matt Niskanen Andrew MacDonald 40 1 2 2
Penalty Kill - 3 Players Forward
Forward Time % Phy DF OF
1 Wade Belak 60 1 2 2
2 Michal Grosek 40 1 2 2
Penalty Kill - 3 Players Defense
Defense Defense Time % Phy DF OF
1 Brendan Witt Henrik Tallinder 60 1 2 2
2 Matt Niskanen Andrew MacDonald 40 1 2 2
4 vs 4 Forward
Center Wing Time % Phy DF OF
1 Wade Belak Michal Grosek 60 1 2 2
2 Dean McAmmond Nikolai Kulemin 40 1 2 2
4 vs 4 Defense
Defense Defense Time % Phy DF OF
1 Brendan Witt Henrik Tallinder 60 1 2 2
2 Matt Niskanen Andrew MacDonald 40 1 2 2
Last Minutes Offensive
Center Left Wing Right Wing Defense Defense
Dean McAmmond Michal Grosek Wade Belak Brendan Witt Henrik Tallinder
Last Minutes Defensive
Center Left Wing Right Wing Defense Defense
Dean McAmmond Michal Grosek Wade Belak Brendan Witt Henrik Tallinder
Goaltenders
Starting : Thomas Greiss
Backup : James Reimer
Extra Forwards
Normal : Kyle Brodziak, Wayne Simmonds, Jim Slater - PP : Kyle Brodziak, Wayne Simmonds - PK : Jim Slater
Extra Defensemen
Normal : Patrick McNeill, Derek Joslin, Ian Cole - PP : Patrick McNeill - PK : Derek Joslin, Ian Cole
Penalty Shots
Wade Belak, Michal Grosek, Dean McAmmond, Nikolai Kulemin, Brad Chartrand
Machettes
5 vs 5 Forward
Center Left Wing Right Wing Time % Phy DF OF
1 John Mitchell Brad Winchester Pavel Vorobiev 40 1 2 2
2 Cory Emmerton Peter Olvecky Stefan Ruzicka 30 1 2 2
3 Stephane Da Costa Mathieu Darche Steven Goertzen 20 1 2 2
4 Rick Schofield Dustin Jeffrey Matt Keith 10 1 2 2
5 vs 5 Defense
Defense Defense Time % Phy DF OF
1 Mike Lundin Tom Gilbert 40 1 2 2
2 James Wisniewski Alexandre Picard 30 1 2 2
3 Paul Ranger Mike Lundin 20 1 2 2
4 Mike Lundin Tom Gilbert 10 1 2 2
PowerPlay Forward
Center Left Wing Right Wing Time % Phy DF OF
1 John Mitchell Brad Winchester Pavel Vorobiev 60 1 2 2
2 Cory Emmerton Peter Olvecky Stefan Ruzicka 40 1 2 2
PowerPlay Defense
Defense Defense Time % Phy DF OF
1 Paul Ranger Tom Gilbert 60 1 2 2
2 James Wisniewski Mike Lundin 40 1 2 2
Penalty Kill 4 Players Forward
Center Wing Time % Phy DF OF
1 Brad Winchester Pavel Vorobiev 60 1 2 2
2 Stefan Ruzicka Steven Goertzen 40 1 2 2
Penalty Kill 4 Players Defense
Defense Defense Time % Phy DF OF
1 Mike Lundin Tom Gilbert 60 1 2 2
2 James Wisniewski Alexandre Picard 40 1 2 2
Penalty Kill - 3 Players Forward
Forward Time % Phy DF OF
1 Brad Winchester 60 1 2 2
2 Pavel Vorobiev 40 1 2 2
Penalty Kill - 3 Players Defense
Defense Defense Time % Phy DF OF
1 Mike Lundin Tom Gilbert 60 1 2 2
2 James Wisniewski Alexandre Picard 40 1 2 2
4 vs 4 Forward
Center Wing Time % Phy DF OF
1 Brad Winchester Pavel Vorobiev 60 1 2 2
2 Stefan Ruzicka Steven Goertzen 40 1 2 2
4 vs 4 Defense
Defense Defense Time % Phy DF OF
1 Paul Ranger Tom Gilbert 60 1 2 2
2 James Wisniewski Mike Lundin 40 1 2 2
Last Minutes Offensive
Center Left Wing Right Wing Defense Defense
John Mitchell Brad Winchester Pavel Vorobiev Mike Lundin Paul Ranger
Last Minutes Defensive
Center Left Wing Right Wing Defense Defense
John Mitchell Brad Winchester Pavel Vorobiev James Wisniewski Mike Lundin
Goaltenders
Starting : Marek Schwarz
Backup : Mathieu Garon
Extra Forwards
Normal : Matt Keith, Mathieu Darche, Stephane Da Costa - PP : Matt Keith, Mathieu Darche - PK : Stephane Da Costa
Extra Defensemen
Normal : Paul Ranger, Mike Lundin, James Wisniewski - PP : Alexandre Picard - PK : Mike Lundin, James Wisniewski
Penalty Shots
Brad Winchester, Pavel Vorobiev, Stefan Ruzicka, Steven Goertzen, Matt Keith
% Time on Ice - Saguenéens
Lines # - Real PCT - Wanted PCT - Time Play
Normal Forward
1 - 30% - 40% - 11:56
2 - 33% - 30% - 12:54
3 - 21% - 20% - 8:24
4 - 15% - 10% - 5:58
Normal Defense
1 - 37% - 40% - 14:33
2 - 28% - 30% - 11:06
3 - 20% - 20% - 8:00
4 - 14% - 10% - 5:33
PP Forward
1 - 67% - 60% - 1:07
2 - 33% - 40% - 0:33
PP Defense
1 - 94% - 60% - 1:34
2 - 6% - 40% - 0:06
PK Forward
1 - 69% - 60% - 10:27
2 - 31% - 40% - 4:43
PK Defense
1 - 63% - 60% - 9:30
2 - 37% - 40% - 5:40
PK3 Forward
1 - 0% - 60%
2 - 0% - 40%
PK3 Defense
1 - 0% - 60%
2 - 0% - 40%
44 Forward
1 - 77% - 60% - 3:03
2 - 23% - 40% - 0:55
44 Defense
1 - 76% - 60% - 3:00
2 - 24% - 40% - 0:58
Last Minute Offensive - 0:00
Last Minute Defensive - 0:00
Total
Forward - 60:00
Defense - 60:00
|
% Time on Ice - Machettes
Lines # - Real PCT - Wanted PCT - Time Play
Normal Forward
1 - 33% - 40% - 13:06
2 - 25% - 30% - 9:39
3 - 25% - 20% - 9:48
4 - 17% - 10% - 6:39
Normal Defense
1 - 40% - 40% - 15:33
2 - 39% - 30% - 15:29
3 - 18% - 20% - 7:05
4 - 3% - 10% - 1:05
PP Forward
1 - 58% - 60% - 8:47
2 - 42% - 40% - 6:23
PP Defense
1 - 63% - 60% - 9:31
2 - 37% - 40% - 5:39
PK Forward
1 - 99% - 60% - 1:39
2 - 1% - 40% - 0:01
PK Defense
1 - 80% - 60% - 1:20
2 - 20% - 40% - 0:20
PK3 Forward
1 - 0% - 60%
2 - 0% - 40%
PK3 Defense
1 - 0% - 60%
2 - 0% - 40%
44 Forward
1 - 83% - 60% - 3:17
2 - 17% - 40% - 0:41
44 Defense
1 - 69% - 60% - 2:45
2 - 31% - 40% - 1:13
Last Minute Offensive - 0:00
Last Minute Defensive - 0:00
Total
Forward - 60:00
Defense - 60:00
|
Play by Play
1st period
0:01 of 1st period - John Mitchell wins face-off versus Dean McAmmond in neutral zone.
0:04 of 1st period - Wrist shot by Pavel Vorobiev.
0:04 of 1st period - Stopped by Thomas Greiss without a rebound.
0:05 of 1st period - John Mitchell wins face-off versus Wade Belak in Saguenéens zone.
0:12 of 1st period - Snap shot by Brad Winchester.
0:12 of 1st period - Shot Misses the Net.
0:20 of 1st period - Slapshot by Pavel Vorobiev.
0:20 of 1st period - Stopped by Thomas Greiss without a rebound.
0:21 of 1st period - Cory Emmerton wins face-off versus Nikolai Kulemin in Saguenéens zone.
2:03 of 1st period - Icing by Stefan Ruzicka.
2:04 of 1st period - Dean McAmmond wins face-off versus Cory Emmerton in Machettes zone.
2:07 of 1st period - Slapshot by Michal Grosek.
2:07 of 1st period - Deflect By Dean McAmmond.
2:07 of 1st period - Shot Blocked by Mike Lundin.
2:07 of 1st period - Puck is out of play.
2:08 of 1st period - Stephane Da Costa wins face-off versus Dean McAmmond in Machettes zone.
2:08 of 1st period - Stephane Da Costa is hit by Wade Belak.
3:05 of 1st period - Slapshot by Mike Lundin.
3:05 of 1st period - Shot Misses the Net.
3:17 of 1st period - Wrist shot by Jim Slater.
3:17 of 1st period - Shot Misses the Net.
3:45 of 1st period - Wrist shot by Dean McAmmond.
3:45 of 1st period - Stopped by Marek Schwarz with a rebound.
4:18 of 1st period - Patrick McNeill is hit by Peter Olvecky and loses puck.
4:37 of 1st period - Jim Slater is hit by Paul Ranger and loses puck.
4:59 of 1st period - Icing by Wade Belak.
5:00 of 1st period - John Mitchell wins face-off versus Dean McAmmond in Saguenéens zone.
5:03 of 1st period - Wrist shot by Pavel Vorobiev.
5:03 of 1st period - Shot Blocked by Dean McAmmond.
5:38 of 1st period - Wrist shot by Dean McAmmond.
5:38 of 1st period - Shot Misses the Net.
5:56 of 1st period - Snap shot by Nikolai Kulemin.
5:56 of 1st period - Shot Misses the Net.
6:06 of 1st period - Henrik Tallinder is hit by James Wisniewski and loses puck.
7:05 of 1st period - Snap shot by Brad Chartrand.
7:05 of 1st period - Shot Misses the Net.
7:07 of 1st period - Slapshot by Ian Cole.
7:07 of 1st period - Stopped by Marek Schwarz without a rebound.
7:08 of 1st period - John Mitchell wins face-off versus Darren Helm in Machettes zone.
7:08 of 1st period - John Mitchell is hit by Brad Chartrand.
8:13 of 1st period - Minor Penalty to Andrew MacDonald for Charging.
8:14 of 1st period - Wade Belak wins face-off versus John Mitchell in Saguenéens zone.
8:23 of 1st period - Snap shot by Michal Grosek.
8:23 of 1st period - Shot Misses the Net.
8:31 of 1st period - Derek Joslin is hit by Pavel Vorobiev and loses puck.
8:50 of 1st period - Matt Niskanen is hit by Stefan Ruzicka and loses puck.
9:41 of 1st period - Icing by Cory Emmerton.
9:42 of 1st period - Jim Slater wins face-off versus Cory Emmerton in Machettes zone.
9:57 of 1st period - Tom Gilbert is hit by Michal Grosek and loses puck.
10:13 of 1st period - Penalty to Andrew MacDonald is over, Andrew MacDonald is back on ice.
10:56 of 1st period - James Wisniewski is hit by Jim Slater and loses puck.
11:03 of 1st period - Snap shot by Lauri Tukonen.
11:03 of 1st period - Stopped by Marek Schwarz without a rebound.
11:04 of 1st period - John Mitchell wins face-off versus Dean McAmmond in Machettes zone.
11:09 of 1st period - Dean McAmmond is hit by Pavel Vorobiev and loses puck.
11:14 of 1st period - Snap shot by Brad Winchester.
11:14 of 1st period - Deflect By Brendan Witt.
11:14 of 1st period - Stopped by Thomas Greiss without a rebound.
11:15 of 1st period - Brad Winchester wins face-off versus Dean McAmmond in Saguenéens zone.
11:44 of 1st period - Snap shot by Stefan Ruzicka.
11:44 of 1st period - Shot Misses the Net.
11:46 of 1st period - Slapshot by Stefan Ruzicka.
11:46 of 1st period - Shot Misses the Net.
11:48 of 1st period - Wrist shot by Alexandre Picard.
11:48 of 1st period - Stopped by Thomas Greiss without a rebound.
11:49 of 1st period - Dean McAmmond wins face-off versus Cory Emmerton in Saguenéens zone.
12:15 of 1st period - Slapshot by Paul Ranger.
12:15 of 1st period - Stopped by Thomas Greiss without a rebound.
12:16 of 1st period - Darren Helm wins face-off versus Stephane Da Costa in Saguenéens zone.
12:24 of 1st period - Off-side.
12:25 of 1st period - Darren Helm wins face-off versus John Mitchell in neutral zone.
13:19 of 1st period - Wrist shot by Michal Grosek.
13:19 of 1st period - Stopped by Marek Schwarz without a rebound.
13:20 of 1st period - Dean McAmmond wins face-off versus John Mitchell in Machettes zone.
13:21 of 1st period - Snap shot by Wade Belak.
13:21 of 1st period - Stopped by Marek Schwarz with a rebound.
13:31 of 1st period - Slapshot by Brad Winchester.
13:31 of 1st period - Stopped by Thomas Greiss with a rebound.
13:35 of 1st period - Wrist shot by Brad Winchester.
13:35 of 1st period - Shot Misses the Net.
13:51 of 1st period - Snap shot by Kyle Brodziak.
13:51 of 1st period - Shot Misses the Net.
14:29 of 1st period - Snap shot by Steven Goertzen.
14:29 of 1st period - Deflect By Mathieu Darche.
14:29 of 1st period - Shot Misses the Net.
14:29 of 1st period - Puck is out of play.
14:30 of 1st period - John Mitchell wins face-off versus Darren Helm in Saguenéens zone.
14:41 of 1st period - Snap shot by Pavel Vorobiev.
14:41 of 1st period - Stopped by Thomas Greiss with a rebound.
14:52 of 1st period - John Mitchell is hit by Darren Helm and loses puck.
14:59 of 1st period - Wrist shot by Brad Chartrand.
14:59 of 1st period - Shot Misses the Net.
15:01 of 1st period - Snap shot by Nikolai Kulemin.
15:01 of 1st period - Shot Misses the Net.
15:03 of 1st period - Slapshot by Matt Niskanen.
15:03 of 1st period - Shot Misses the Net.
15:05 of 1st period - Slapshot by Andrew MacDonald.
15:05 of 1st period - Stopped by Marek Schwarz with a rebound.
15:07 of 1st period - Snap shot by Darren Helm.
15:07 of 1st period - Stopped by Marek Schwarz with a rebound.
15:09 of 1st period - Wrist shot by Nikolai Kulemin.
15:09 of 1st period - Stopped by Marek Schwarz without a rebound.
15:10 of 1st period - Wade Belak wins face-off versus Cory Emmerton in Machettes zone.
15:14 of 1st period - Minor Penalty to Ian Cole for Interference.
15:15 of 1st period - Wade Belak wins face-off versus John Mitchell in Saguenéens zone.
15:15 of 1st period - Wade Belak is hit by John Mitchell.
17:13 of 1st period - Paul Ranger is hit by Andrew Kozek and loses puck.
17:14 of 1st period - Penalty to Ian Cole is over, Ian Cole is back on ice.
17:55 of 1st period - Slapshot by Matt Keith.
17:55 of 1st period - Stopped by Thomas Greiss with a rebound.
17:57 of 1st period - Slapshot by James Wisniewski.
17:57 of 1st period - Stopped by Thomas Greiss with a rebound.
17:59 of 1st period - Wrist shot by Matt Keith.
17:59 of 1st period - Stopped by Thomas Greiss with a rebound.
18:16 of 1st period - Mike Lundin is hit by Johannes Salmonsson and loses puck.
18:35 of 1st period - Dean McAmmond is hit by Matt Keith and loses puck.
18:41 of 1st period - Minor Penalty to Pavel Vorobiev for Roughing.
18:41 of 1st period - Minor Penalty to Derek Joslin for Hooking.
18:42 of 1st period - Brad Winchester wins face-off versus Wade Belak in neutral zone.
18:45 of 1st period - Snap shot by Tom Gilbert.
18:45 of 1st period - Shot Blocked by Henrik Tallinder.
18:47 of 1st period - Slapshot by Tom Gilbert.
18:47 of 1st period - Stopped by Thomas Greiss with a rebound.
18:49 of 1st period - Backhand shot by Paul Ranger.
18:49 of 1st period - Shot Misses the Net.
18:51 of 1st period - Slapshot by Tom Gilbert.
18:51 of 1st period - Stopped by Thomas Greiss without a rebound.
18:52 of 1st period - Brad Winchester wins face-off versus Wade Belak in Saguenéens zone.
19:13 of 1st period - Brendan Witt is hit by Paul Ranger and loses puck.
19:22 of 1st period - Paul Ranger is hit by Brendan Witt and loses puck.
19:40 of 1st period - Snap shot by Michal Grosek.
19:40 of 1st period - Goal by Michal Grosek - Saguenéens : 1 - Machettes : 0.
19:41 of 1st period - Brad Winchester wins face-off versus Wade Belak in neutral zone.
2nd period
0:01 of 2nd period - Wade Belak wins face-off versus Brad Winchester in neutral zone.
0:38 of 2nd period - Snap shot by Nikolai Kulemin.
0:38 of 2nd period - Stopped by Marek Schwarz without a rebound.
0:39 of 2nd period - Mathieu Darche wins face-off versus Dean McAmmond in Machettes zone.
0:39 of 2nd period - Mathieu Darche is hit by Dean McAmmond.
0:41 of 2nd period - Penalty to Pavel Vorobiev is over, Pavel Vorobiev is back on ice.
0:41 of 2nd period - Penalty to Derek Joslin is over, Derek Joslin is back on ice.
2:06 of 2nd period - Wrist shot by Dean McAmmond.
2:06 of 2nd period - Goal by Dean McAmmond - Saguenéens : 2 - Machettes : 0.
2:07 of 2nd period - Cory Emmerton wins face-off versus Kyle Brodziak in neutral zone.
2:57 of 2nd period - Michal Grosek is hit by Brad Winchester and loses puck.
4:53 of 2nd period - Kyle Brodziak is hit by Stefan Ruzicka and loses puck.
6:07 of 2nd period - Wrist shot by Nikolai Kulemin.
6:07 of 2nd period - Shot Misses the Net.
6:33 of 2nd period - Snap shot by Jim Slater.
6:33 of 2nd period - Goal by Jim Slater - Saguenéens : 3 - Machettes : 0.
6:34 of 2nd period - Cory Emmerton wins face-off versus Dean McAmmond in neutral zone.
6:34 of 2nd period - Minor Penalty to Brendan Witt for Hooking.
6:35 of 2nd period - John Mitchell wins face-off versus Wade Belak in Saguenéens zone.
6:40 of 2nd period - Wrist shot by Brad Winchester.
6:40 of 2nd period - Stopped by Thomas Greiss with a rebound.
6:42 of 2nd period - Wrist shot by John Mitchell.
6:42 of 2nd period - Shot Misses the Net.
6:50 of 2nd period - Wrist shot by Brad Winchester.
6:50 of 2nd period - Stopped by Thomas Greiss with a rebound.
7:08 of 2nd period - Slapshot by Tom Gilbert.
7:08 of 2nd period - Shot Misses the Net.
7:10 of 2nd period - Snap shot by Peter Olvecky.
7:10 of 2nd period - Stopped by Thomas Greiss with a rebound.
7:50 of 2nd period - Andrew Kozek is hit by Mike Lundin.
7:54 of 2nd period - Cory Emmerton is hit by Henrik Tallinder and loses puck.
8:13 of 2nd period - Dean McAmmond is hit by Brad Winchester and loses puck.
8:34 of 2nd period - Penalty to Brendan Witt is over, Brendan Witt is back on ice.
8:38 of 2nd period - Slapshot by Paul Ranger.
8:38 of 2nd period - Stopped by Thomas Greiss without a rebound.
8:39 of 2nd period - Matt Keith wins face-off versus Kyle Brodziak in Saguenéens zone.
8:45 of 2nd period - Minor Penalty to Patrick McNeill for Roughing.
8:46 of 2nd period - Wade Belak wins face-off versus John Mitchell in Saguenéens zone.
9:19 of 2nd period - Slapshot by Mike Lundin.
9:19 of 2nd period - Shot Misses the Net.
9:21 of 2nd period - Slapshot by James Wisniewski.
9:21 of 2nd period - Deflect By Nikolai Kulemin.
9:21 of 2nd period - Goal by James Wisniewski - Saguenéens : 3 - Machettes : 1.
9:22 of 2nd period - John Mitchell wins face-off versus Wade Belak in neutral zone.
9:24 of 2nd period - Tom Gilbert is hit by Henrik Tallinder and loses puck.
9:30 of 2nd period - Minor Penalty to John Mitchell for Slashing.
9:31 of 2nd period - Dean McAmmond wins face-off versus Brad Winchester in Machettes zone.
9:32 of 2nd period - Wrist shot by Wade Belak.
9:32 of 2nd period - Goal by Wade Belak - Saguenéens : 4 - Machettes : 1.
9:32 of 2nd period - Mathieu Garon enters game.
9:33 of 2nd period - John Mitchell wins face-off versus Dean McAmmond in neutral zone.
9:36 of 2nd period - Snap shot by Tom Gilbert.
9:36 of 2nd period - Stopped by Thomas Greiss without a rebound.
9:37 of 2nd period - Dean McAmmond wins face-off versus John Mitchell in Saguenéens zone.
10:10 of 2nd period - Slapshot by Stefan Ruzicka.
10:10 of 2nd period - Shot Misses the Net.
10:12 of 2nd period - Slapshot by Peter Olvecky.
10:12 of 2nd period - Shot Misses the Net.
10:14 of 2nd period - Slapshot by Mike Lundin.
10:14 of 2nd period - Stopped by Thomas Greiss with a rebound.
10:56 of 2nd period - Snap shot by Michal Grosek.
10:56 of 2nd period - Shot Blocked by James Wisniewski.
11:10 of 2nd period - Snap shot by Pavel Vorobiev.
11:10 of 2nd period - Stopped by Thomas Greiss without a rebound.
11:11 of 2nd period - John Mitchell wins face-off versus Darren Helm in Saguenéens zone.
11:12 of 2nd period - Wrist shot by Brad Winchester.
11:12 of 2nd period - Shot Blocked by Matt Niskanen.
11:14 of 2nd period - Wrist shot by John Mitchell.
11:14 of 2nd period - Goal by John Mitchell - Saguenéens : 4 - Machettes : 2.
11:15 of 2nd period - Brad Winchester wins face-off versus Dean McAmmond in neutral zone.
11:36 of 2nd period - Pavel Vorobiev is hit by Wade Belak and loses puck.
11:48 of 2nd period - Minor Penalty to Darren Helm for High sticking.
11:49 of 2nd period - John Mitchell wins face-off versus Wade Belak in Saguenéens zone.
11:52 of 2nd period - Backhand shot by Tom Gilbert.
11:52 of 2nd period - Shot Misses the Net.
11:54 of 2nd period - Wrist shot by Pavel Vorobiev.
11:54 of 2nd period - Shot Misses the Net.
11:56 of 2nd period - Wrist shot by John Mitchell.
11:56 of 2nd period - Shot Blocked by Brendan Witt.
11:58 of 2nd period - Wrist shot by John Mitchell.
11:58 of 2nd period - Stopped by Thomas Greiss with a rebound.
12:04 of 2nd period - Snap shot by Pavel Vorobiev.
12:04 of 2nd period - Stopped by Thomas Greiss without a rebound.
12:05 of 2nd period - Wade Belak wins face-off versus John Mitchell in Saguenéens zone.
13:08 of 2nd period - Matt Niskanen is hit by John Mitchell and loses puck.
13:48 of 2nd period - Penalty to Darren Helm is over, Darren Helm is back on ice.
13:54 of 2nd period - Snap shot by Dean McAmmond.
13:54 of 2nd period - Goal by Dean McAmmond - Saguenéens : 5 - Machettes : 2.
13:55 of 2nd period - Stephane Da Costa wins face-off versus Darren Helm in neutral zone.
14:45 of 2nd period - Wrist shot by Matt Keith.
14:45 of 2nd period - Deflect By Rick Schofield.
14:45 of 2nd period - Stopped by Thomas Greiss with a rebound.
14:47 of 2nd period - Wrist shot by Matt Keith.
14:47 of 2nd period - Shot Blocked by Andrew Kozek.
14:49 of 2nd period - Slapshot by Mike Lundin.
14:49 of 2nd period - Shot Blocked by Brendan Witt.
14:51 of 2nd period - Slapshot by Matt Keith.
14:51 of 2nd period - Stopped by Thomas Greiss with a rebound.
16:12 of 2nd period - Slapshot by Mike Lundin.
16:12 of 2nd period - Deflect By Matt Keith.
16:12 of 2nd period - Shot Misses the Net.
16:12 of 2nd period - Puck is out of play.
16:13 of 2nd period - Cory Emmerton wins face-off versus Jim Slater in Saguenéens zone.
16:14 of 2nd period - Snap shot by Stefan Ruzicka.
16:14 of 2nd period - Stopped by Thomas Greiss without a rebound.
16:15 of 2nd period - Cory Emmerton wins face-off versus Dean McAmmond in Saguenéens zone.
16:15 of 2nd period - Minor Penalty to Peter Olvecky for Tripping.
16:15 of 2nd period - Minor Penalty to Matt Niskanen for Roughing.
16:16 of 2nd period - Brad Winchester wins face-off versus Wade Belak in Saguenéens zone.
16:53 of 2nd period - Icing by Dean McAmmond.
16:54 of 2nd period - Stefan Ruzicka wins face-off versus Dean McAmmond in Saguenéens zone.
17:10 of 2nd period - Off-side.
17:11 of 2nd period - Brad Winchester wins face-off versus Wade Belak in neutral zone.
17:39 of 2nd period - Icing by Andrew MacDonald.
17:40 of 2nd period - Wade Belak wins face-off versus Stefan Ruzicka in Saguenéens zone.
17:51 of 2nd period - Brendan Witt is hit by James Wisniewski and loses puck.
18:15 of 2nd period - Penalty to Peter Olvecky is over, Peter Olvecky is back on ice.
18:15 of 2nd period - Penalty to Matt Niskanen is over, Matt Niskanen is back on ice.
18:27 of 2nd period - Icing by Wade Belak.
18:28 of 2nd period - Wade Belak wins face-off versus Stephane Da Costa in Saguenéens zone.
18:37 of 2nd period - Matt Niskanen is hit by Stephane Da Costa and loses puck.
19:02 of 2nd period - Slapshot by Darren Helm.
19:02 of 2nd period - Shot Misses the Net.
19:04 of 2nd period - Wrist shot by Nikolai Kulemin.
19:04 of 2nd period - Stopped by Mathieu Garon without a rebound.
19:05 of 2nd period - Stefan Ruzicka wins face-off versus Kyle Brodziak in Machettes zone.
19:05 of 2nd period - Stefan Ruzicka is hit by Wayne Simmonds.
19:08 of 2nd period - Minor Penalty to Peter Olvecky for Tripping.
19:09 of 2nd period - Darren Helm wins face-off versus Brad Winchester in Machettes zone.
19:18 of 2nd period - Slapshot by Nikolai Kulemin.
19:18 of 2nd period - Shot Misses the Net.
19:39 of 2nd period - Icing by Wade Belak.
19:40 of 2nd period - Brad Winchester wins face-off versus Dean McAmmond in Saguenéens zone.
3rd period
0:01 of 3rd period - Dean McAmmond wins face-off versus Brad Winchester in neutral zone.
0:13 of 3rd period - Off-side.
0:14 of 3rd period - Brad Winchester wins face-off versus Dean McAmmond in neutral zone.
0:46 of 3rd period - Wrist shot by Matt Niskanen.
0:46 of 3rd period - Goal by Matt Niskanen - Saguenéens : 6 - Machettes : 2.
0:47 of 3rd period - Dean McAmmond wins face-off versus Cory Emmerton in neutral zone.
1:31 of 3rd period - Wayne Simmonds beats up Steven Goertzen.
1:31 of 3rd period - Penalty to Steven Goertzen for Fighting.
1:31 of 3rd period - Penalty to Wayne Simmonds for Fighting.
1:31 of 3rd period - Penalty to Wayne Simmonds for instigated a fight.
1:31 of 3rd period - Penalty to Wayne Simmonds for instigated a fight.
1:32 of 3rd period - John Mitchell wins face-off versus Wade Belak in Machettes zone.
1:37 of 3rd period - Slapshot by Tom Gilbert.
1:37 of 3rd period - Shot Blocked by Wade Belak.
1:39 of 3rd period - Wrist shot by Brad Winchester.
1:39 of 3rd period - Deflect By Pavel Vorobiev.
1:39 of 3rd period - Stopped by Thomas Greiss with a rebound.
1:41 of 3rd period - Slapshot by Paul Ranger.
1:41 of 3rd period - Stopped by Thomas Greiss with a rebound.
1:43 of 3rd period - Snap shot by Tom Gilbert.
1:43 of 3rd period - Shot Misses the Net.
1:45 of 3rd period - Snap shot by Paul Ranger.
1:45 of 3rd period - Stopped by Thomas Greiss without a rebound.
1:46 of 3rd period - Wade Belak wins face-off versus John Mitchell in Saguenéens zone.
2:01 of 3rd period - Brendan Witt is hit by Paul Ranger and loses puck.
2:18 of 3rd period - Slapshot by Tom Gilbert.
2:18 of 3rd period - Stopped by Thomas Greiss without a rebound.
2:19 of 3rd period - Dean McAmmond wins face-off versus Pavel Vorobiev in Saguenéens zone.
2:43 of 3rd period - Dean McAmmond is hit by James Wisniewski and loses puck.
3:18 of 3rd period - Henrik Tallinder is hit by Tom Gilbert and loses puck.
3:31 of 3rd period - Penalty to Wayne Simmonds is over, Jim Slater is send on ice.
3:40 of 3rd period - Wrist shot by Mathieu Darche.
3:40 of 3rd period - Shot Blocked by Brendan Witt.
3:42 of 3rd period - Slapshot by Mathieu Darche.
3:42 of 3rd period - Stopped by Thomas Greiss without a rebound.
3:43 of 3rd period - Stephane Da Costa wins face-off versus Andrew Kozek in Saguenéens zone.
4:16 of 3rd period - Snap shot by Brad Chartrand.
4:16 of 3rd period - Shot Misses the Net.
4:41 of 3rd period - Wrist shot by Dean McAmmond.
4:41 of 3rd period - Stopped by Mathieu Garon with a rebound.
4:43 of 3rd period - Wrist shot by Wade Belak.
4:43 of 3rd period - Shot Blocked by John Mitchell.
4:45 of 3rd period - Snap shot by Michal Grosek.
4:45 of 3rd period - Deflect By Dean McAmmond.
4:45 of 3rd period - Shot Misses the Net.
4:45 of 3rd period - Puck is out of play.
4:46 of 3rd period - Cory Emmerton wins face-off versus Dean McAmmond in Machettes zone.
4:59 of 3rd period - Snap shot by Cory Emmerton.
4:59 of 3rd period - Shot Misses the Net.
5:01 of 3rd period - Slapshot by Mike Lundin.
5:01 of 3rd period - Shot Misses the Net.
5:20 of 3rd period - Snap shot by Stephane Da Costa.
5:20 of 3rd period - Deflect By Matt Keith.
5:20 of 3rd period - Shot Misses the Net.
5:20 of 3rd period - Puck is out of play.
5:21 of 3rd period - Cory Emmerton wins face-off versus Darren Helm in Saguenéens zone.
5:24 of 3rd period - Snap shot by Stefan Ruzicka.
5:24 of 3rd period - Shot Misses the Net.
5:36 of 3rd period - Snap shot by Brad Chartrand.
5:36 of 3rd period - Shot Blocked by Peter Olvecky.
7:46 of 3rd period - Minor Penalty to Brad Chartrand for Interference.
7:47 of 3rd period - Wade Belak wins face-off versus John Mitchell in Saguenéens zone.
8:04 of 3rd period - Paul Ranger is hit by Brendan Witt and loses puck.
8:17 of 3rd period - Snap shot by Dean McAmmond.
8:17 of 3rd period - Shot Misses the Net.
8:23 of 3rd period - Snap shot by Stefan Ruzicka.
8:23 of 3rd period - Stopped by Thomas Greiss with a rebound.
8:25 of 3rd period - Snap shot by Stefan Ruzicka.
8:25 of 3rd period - Shot Blocked by Nikolai Kulemin.
8:27 of 3rd period - Snap shot by Peter Olvecky.
8:27 of 3rd period - Goal by Peter Olvecky - Saguenéens : 6 - Machettes : 3.
8:28 of 3rd period - John Mitchell wins face-off versus Dean McAmmond in neutral zone.
8:58 of 3rd period - Snap shot by Nikolai Kulemin.
8:58 of 3rd period - Stopped by Mathieu Garon without a rebound.
8:59 of 3rd period - Darren Helm wins face-off versus Cory Emmerton in Machettes zone.
9:06 of 3rd period - Wrist shot by Brad Chartrand.
9:06 of 3rd period - Stopped by Mathieu Garon without a rebound.
9:07 of 3rd period - Cory Emmerton wins face-off versus Darren Helm in Machettes zone.
9:14 of 3rd period - Brad Chartrand is hit by Peter Olvecky and loses puck.
9:23 of 3rd period - Alexandre Picard is hit by Brad Chartrand and loses puck.
9:27 of 3rd period - Minor Penalty to Brendan Witt for Interference.
9:28 of 3rd period - John Mitchell wins face-off versus Wade Belak in Saguenéens zone.
9:31 of 3rd period - Snap shot by Tom Gilbert.
9:31 of 3rd period - Stopped by Thomas Greiss with a rebound.
9:33 of 3rd period - Slapshot by Paul Ranger.
9:33 of 3rd period - Stopped by Thomas Greiss without a rebound.
9:34 of 3rd period - John Mitchell wins face-off versus Wade Belak in Saguenéens zone.
9:35 of 3rd period - Wrist shot by Brad Winchester.
9:35 of 3rd period - Shot Misses the Net.
9:37 of 3rd period - Snap shot by Paul Ranger.
9:37 of 3rd period - Stopped by Thomas Greiss without a rebound.
9:38 of 3rd period - Wade Belak wins face-off versus John Mitchell in Saguenéens zone.
9:46 of 3rd period - Off-side.
9:47 of 3rd period - Wade Belak wins face-off versus John Mitchell in neutral zone.
9:50 of 3rd period - Wrist shot by Michal Grosek.
9:50 of 3rd period - Goal by Michal Grosek - Saguenéens : 7 - Machettes : 3.
9:51 of 3rd period - Wade Belak wins face-off versus John Mitchell in neutral zone.
10:29 of 3rd period - Wrist shot by Cory Emmerton.
10:29 of 3rd period - Stopped by Thomas Greiss with a rebound.
11:27 of 3rd period - Penalty to Brendan Witt is over, Brendan Witt is back on ice.
11:31 of 3rd period - 10 Minutes Game Misconduct Penalty to Wayne Simmonds is over.
11:37 of 3rd period - Slapshot by Jim Slater.
11:37 of 3rd period - Shot Blocked by Tom Gilbert.
11:39 of 3rd period - Wrist shot by Kyle Brodziak.
11:39 of 3rd period - Shot Misses the Net.
11:51 of 3rd period - Snap shot by Nikolai Kulemin.
11:51 of 3rd period - Stopped by Mathieu Garon without a rebound.
11:52 of 3rd period - Rick Schofield wins face-off versus Darren Helm in Machettes zone.
12:07 of 3rd period - Snap shot by Brad Chartrand.
12:07 of 3rd period - Shot Misses the Net.
12:17 of 3rd period - Wayne Simmonds is hit by James Wisniewski and loses puck.
12:42 of 3rd period - Mathieu Darche is hit by Michal Grosek and loses puck.
13:48 of 3rd period - Minor Penalty to Wayne Simmonds for Hooking.
13:49 of 3rd period - Wade Belak wins face-off versus Pavel Vorobiev in Saguenéens zone.
14:02 of 3rd period - Snap shot by Tom Gilbert.
14:02 of 3rd period - Stopped by Thomas Greiss with a rebound.
14:04 of 3rd period - Wrist shot by Brad Winchester.
14:04 of 3rd period - Deflect By John Mitchell.
14:04 of 3rd period - Shot Misses the Net.
14:04 of 3rd period - Puck is out of play.
14:05 of 3rd period - Wade Belak wins face-off versus John Mitchell in Saguenéens zone.
14:34 of 3rd period - Slapshot by Tom Gilbert.
14:34 of 3rd period - Stopped by Thomas Greiss with a rebound.
14:38 of 3rd period - Snap shot by Stefan Ruzicka.
14:38 of 3rd period - Shot Misses the Net.
15:16 of 3rd period - Mike Lundin is hit by Andrew MacDonald and loses puck.
15:48 of 3rd period - Penalty to Wayne Simmonds is over, Wayne Simmonds is back on ice.
16:03 of 3rd period - Wrist shot by Nikolai Kulemin.
16:03 of 3rd period - Stopped by Mathieu Garon with a rebound.
16:53 of 3rd period - Dean McAmmond is hit by Dustin Jeffrey.
17:23 of 3rd period - Snap shot by Jim Slater.
17:23 of 3rd period - Stopped by Mathieu Garon with a rebound.
17:25 of 3rd period - Wrist shot by Jim Slater.
17:25 of 3rd period - Shot Blocked by Stephane Da Costa.
18:12 of 3rd period - Icing by Brendan Witt.
18:13 of 3rd period - Jim Slater wins face-off versus Stephane Da Costa in Saguenéens zone.
18:28 of 3rd period - Johannes Salmonsson is hit by James Wisniewski and loses puck.
18:45 of 3rd period - Wade Belak is hit by James Wisniewski and loses puck.
18:58 of 3rd period - Darren Helm is hit by Stefan Ruzicka and loses puck.
19:22 of 3rd period - Kyle Brodziak is hit by Matt Keith and loses puck.
Output by the SimonT Hockey Simulator (STHS) for François Prévost -- Original Page W3C XHTML 1.0 Valid